 Dungeon Crawl Stone Soup version 0.20-a0-842-g939b552 (webtiles) character file.

15433 M4edhros the Covert (level 12, -6/80 HPs)
             Began as an Octopode Artificer on Mar 9, 2017.
             Was an Elder of Fedhas.
             Mangled by a cyan ugly thing (15 damage)
             ... on level 12 of the Dungeon.
             The game lasted 00:22:44 (9746 turns).

M4edhros the Covert (Octopode Artificer)            Turns: 9746, Time: 00:22:45

Health: -6/80      AC:  5    Str: 12      XL:     12   Next: 27%
Magic:  20/20      EV: 17    Int: 12 (13) God:    Fedhas [****..]
Gold:   88         SH:  7    Dex: 17      Spells: 8/19 levels left

rFire    . . .     SeeInvis .   n - +1 dagger (venom)
rCold    + . .     Gourm    .   M - +1 buckler
rNeg     + + .     Faith    .   V - +2 hat
rPois    +         Spirit   .   I - amulet of regeneration
rElec    .         Reflect  .   e - ring of positive energy
rCorr    .         Harm     .   y - ring of positive energy
MR       +....     Rnd*Rage +   B - ring of flight Stlth ++++++....Rnd*Tele +
                                G - ring of poison resistance
Regen    0.7/turn               N - ring of wizardry
MPRegen  0.2/turn               R - ring of protection from magic
                                E - ring of protection from cold
                                (no ring)

@: no status effects
A: almost no armour, stealthy swim, amphibious, 8 rings, constrict 8, tentacle
spike 1, yellow scales 1, camouflage 1, berserk 1, deterioration 1, high mp 1,
sense surroundings 2, teleportitis 2, gelatinous body 1
a: Fungal Bloom, Evolution, Sunlight, Growth, Reproduction, Renounce Religion,
Evoke Flight


You were on level 12 of the Dungeon.
You worshipped Fedhas.
Fedhas was greatly pleased with you.
You were not hungry.

You visited 1 branch of the dungeon, and saw 12 of its levels.
You visited 1 bazaar.

You collected 533 gold pieces.
You spent 445 gold pieces at shops.

Inventory:

Hand Weapons
 j - a +2 hunting sling
 n - a +1 dagger of venom (weapon)
Missiles
 m - 77 sling bullets
Armour
 M - a +1 buckler (worn)
 V - a +2 hat (worn)
Jewellery
 e - a ring of positive energy (left tentacle)
 y - a ring of positive energy (right tentacle)
 B - a ring of flight (on tentacle)
 E - a ring of protection from cold (on tentacle)
 G - a ring of poison resistance (on tentacle)
 I - an amulet of regeneration (around mantle)
 N - a ring of wizardry (on tentacle)
 R - a ring of protection from magic (on tentacle)
Wands
 b - a wand of flame (0/48)
 c - a wand of enslavement (4/24)
 d - a wand of random effects (0/48)
 w - a wand of random effects (30/48)
 L - a wand of lightning (0/15)
 O - a wand of disintegration (16/24)
 T - a wand of acid (0/15)
 W - a wand of iceblast (4/15)
 X - a wand of disintegration (13/24)
 Y - a wand of lightning (4/15)
Scrolls
 l - 2 scrolls of identify
 p - 5 scrolls of teleportation
 q - a scroll of fear
 r - a scroll of enchant weapon
 v - a scroll of immolation
 H - a scroll of blinking
Potions
 a - a potion of ambrosia {unknown}
 g - 4 potions of heal wounds {unknown}
 h - 2 potions of agility
 k - a potion of curing
 o - 3 potions of might
 t - a potion of haste {unknown}
 x - 2 potions of brilliance
 A - 5 potions of flight {unknown}
 D - 3 potions of lignification {unknown}
 J - 2 potions of magic {unknown}
 K - a potion of resistance {unknown}
Books
 i - a book of Minor Magic

   Spells                             Type                      Level
   a - Magic Dart                     Conjuration                  1
   b - Blink                          Translocation                2
   c - Call Imp                       Summoning                    2
   d - Slow                           Hexes                        2
   e - Conjure Flame                  Conjuration/Fire             3
   f - Mephitic Cloud                 Conjuration/Poison/Air       3
 s - a book of Necromancy

   Spells                             Type                      Level
   a - Pain                           Necromancy                   1
   b - Animate Skeleton               Necromancy                   1
   c - Vampiric Draining              Necromancy                   3
   d - Regeneration                   Charms/Necromancy            3
   e - Animate Dead                   Necromancy                   4
   f - Control Undead                 Necromancy                   4
 U - a book of Air

   Spells                             Type                      Level
   a - Shock                          Conjuration/Air              1
   b - Swiftness                      Charms/Air                   2
   c - Static Discharge               Conjuration/Air              3
   d - Airstrike                      Air                          4
   e - Lightning Bolt                 Conjuration/Air              5
Comestibles
 f - 14 bread rations
 u - 31 fruits
 C - 3 meat rations


   Skills:
 + Level 6.3 Fighting
 - Level 1.0 Short Blades
 + Level 6.2 Dodging
 + Level 13.0 Stealth
 - Level 6.5 Shields
 * Level 4.1 Spellcasting
 + Level 2.2 Conjurations
 + Level 4.0 Charms
 - Level 3.2 Necromancy
 + Level 2.0 Air Magic
 + Level 2.7 Poison Magic
 * Level 9.2 Invocations
 + Level 7.6 Evocations


You had 8 spell levels left.
You knew the following spells:

 Your Spells              Type           Power        Failure   Level  Hunger
a - Regeneration          Chrm/Necr      ##........   7%          3    ###....
b - Mephitic Cloud        Conj/Pois/Air  #.......     12%         3    ###....
c - Blink                 Tloc           N/A          14%         2    ##.....
d - Conjure Flame         Conj/Fire      #.......     19%         3    ###....


Dungeon Overview and Level Annotations

Branches:
Dungeon (12/15)            Temple (0/1) D:6            Lair (0/6) D:8
    Orc (0/2) D:11

Altars:
Elyvilon
Fedhas
Gozag
Hepliaklqana
Makhleb
Sif Muna
Wu Jian
The Shining One
Beogh

Shops:
D:7 :   D:10 *   D:11 :*(?


Innate Abilities, Weirdness & Mutations

You cannot wear most types of armour.
You are very stealthy in the water. (Stealth+)
You are amphibious.
You can wear up to eight rings at the same time.
You can use your tentacles to constrict eight enemies at once.
Your skin changes colour to match your surroundings (Stealth+).
Your rubbery body absorbs attacks. (AC +1, EV +1)
One of your tentacles bears a spike.
You are partially covered in yellow scales. (AC +2)
You tend to lose your temper in combat.
Your body sometimes deteriorates upon taking damage.
You have an increased reservoir of magic. (+10% MP)
You passively map the area around you.
You are sometimes teleported next to monsters.


Message History

Aim: a cyan ugly thing (severely wounded, confused)
The puff of flame hits the cyan ugly thing.
The cyan ugly thing is almost dead.
This wand has 0 charges left.
The cyan ugly thing seems less confused.
The cyan ugly thing headbutts you. The cyan ugly thing shocks you!
* * * LOW HITPOINT WARNING * * *
You closely miss the cyan ugly thing. You grab the cyan ugly thing.
You pierce the cyan ugly thing, but do no damage.
The cyan ugly thing is almost dead.
You constrict the cyan ugly thing, but do no damage.
The cyan ugly thing headbutts you but does no damage.
You hit the cyan ugly thing but do no damage.
The cyan ugly thing is poisoned.
The cyan ugly thing is almost dead.
You constrict the cyan ugly thing. The cyan ugly thing headbutts you!
* * * LOW HITPOINT WARNING * * *
The cyan ugly thing shocks you!
You die...
Fedhas appreciates your contribution to the ecosystem.

* ######... *,,
, ......... * ,
, ,..$.....# *
,, , ........# *
,, .......P# *
,, ....)÷)P# * *
,
....P[÷)#####.##
, ,
..<...)uPf......
, **
.#######@######
** #f# * * #f# ,
* #.# * * #.# *
** * #.#** ** *
, , , ,, ,,... ,
,, ,,, * *
**###, * **, * *
*, * ,,


You could see a cyan ugly thing, a neutral active ballistomycete (unaware) and 3
friendly wandering mushrooms.

Vanquished Creatures
  Gastronok (D:8)
  A catoblepas (D:10)
  A two-headed ogre (D:9)
  An unseen horror (D:11)
  3 ugly things (D:11)
  2 manticores (D:11)
  A komodo dragon (D:12)
  4 trolls
  4 hippogriffs
  A wyvern (D:11)
  7 yaks
  Eustachio (D:4)
  A wandering mushroom (D:10)
  2 orc warriors
  2 phantoms
  5 ice beasts
  3 centaurs
  2 ogres
  A crocodile (D:10)
  A big kobold (D:11)
  A gnoll sergeant (D:12)
  8 bullfrogs
  2 wyvern skeletons
  7 scorpions
  A water moccasin skeleton (D:4)
  A wight (D:9)
  7 killer bees
  3 crimson imps
  A quasit (D:9)
  A bullfrog skeleton (D:8)
  3 centaur skeletons
  6 hounds
  4 jellies
  10 orc priests
  10 orc wizards
  2 iguanas
  9 worker ants
  A hound skeleton (D:8)
  Robin (D:4)
  8 adders
  6 gnolls
  An ooze (D:2)
  2 adder skeletons (D:6)
  3 worms
  A dart slug (D:2)
  9 leopard geckos
  36 orcs
  5 bats
  5 giant cockroaches
  14 goblins
  8 hobgoblins
  15 jackals
  A quokka (D:5)
  3 ball pythons
  6 frilled lizards
  A jackal zombie (D:7)
  7 kobolds
  2 leopard gecko skeletons
  6 rats
  A ballistomycete spore (D:12)
  A toadstool (D:12)
263 creatures vanquished.

Vanquished Creatures (collateral kills)
  A two-headed ogre (D:10)
  A tengu warrior (D:10)
  The ghost of M4edhros the Magician, a novice FoAE of Jiyva (D:11)
  A gargoyle (D:10)
  A komodo dragon (D:11)
  A troll (D:11)
  8 yaks
  A hungry ghost (D:12)
  The ghost of luab the Spear-Bearer, an amateur MfSk (D:4)
  An orc warrior (D:6)
  A sky beast (D:5)
  A black bear (D:11)
  An ice beast (D:10)
  2 ogres
  A phantom (D:10)
  A centaur (D:8)
  A gnoll sergeant (D:10)
  2 wights (D:9)
  A crimson imp (D:10)
  2 orc priests (D:11)
  2 orc wizards
  An iguana (D:4)
  A worker ant (D:4)
  5 gnolls
  2 orcs (D:11)
  5 goblins (D:4)
  2 jackals (D:11)
  2 kobolds (D:11)
50 creatures vanquished.

Vanquished Creatures (others)
  An acid dragon (D:12)
  A killer bee (D:8)
  An orc wizard (D:4)
  2 worker ant zombies (D:10)
  A gnoll (D:2)
  3 wandering mushrooms
  A ballistomycete spore (D:12)
  211 toadstools
221 creatures vanquished.

Grand Total: 534 creatures vanquished

Notes
Turn   | Place    | Note
-------+----------+-------------------------------------------
     0 | D:1      | M4edhros the Octopode Artificer began the quest for the Orb.
     0 | D:1      | Reached XP level 1. HP: 13/13 MP: 3/3
    25 | D:1      | Reached skill level 2 in Stealth
   194 | D:1      | Reached XP level 2. HP: 14/18 MP: 4/4
   220 | D:2      | Reached skill level 3 in Stealth
   252 | D:2      | Reached skill level 4 in Stealth
   252 | D:2      | Reached XP level 3. HP: 17/23 MP: 5/5
   776 | D:4      | Reached skill level 5 in Stealth
   776 | D:4      | Reached XP level 4. HP: 22/28 MP: 6/6
   777 | D:4      | Noticed Eustachio
   790 | D:4      | Reached skill level 6 in Stealth
   796 | D:4      | Killed Eustachio
   796 | D:4      | Reached skill level 8 in Stealth
   796 | D:4      | Reached XP level 5. HP: 11/33 MP: 7/7
  1001 | D:4      | Reached XP level 6. HP: 38/38 MP: 8/8
  1105 | D:4      | Noticed luab's ghost (amateur MfSk)
  1127 | D:4      | Learned a level 3 spell: Regeneration
  1162 | D:4      | Reached skill level 9 in Stealth
  1199 | D:4      | Found a blossoming altar of Fedhas.
  1211 | D:4      | Became a worshipper of Fedhas Madash
  1242 | D:4      | Noticed Robin
  1617 | D:1      | Reached skill level 10 in Stealth
  1679 | D:2      | Reached * piety under Fedhas
  1698 | D:2      | Reached XP level 7. HP: 40/43 MP: 9/9
  1744 | D:2      | Found an opulent altar of Gozag.
  2919 | D:3      | Reached skill level 1 in Invocations
  3258 | D:3      | Found an ornate altar of the Wu Jian Council.
  3335 | D:4      | Killed luab's ghost
  3345 | D:4      | Reached ** piety under Fedhas
  3364 | D:4      | Killed Robin
  3687 | D:5      | Entered Level 5 of the Dungeon
  3687 | D:5      | Found a hazy altar of Hepliaklqana.
  3687 | D:5      | Found a white marble altar of Elyvilon.
  3687 | D:5      | Found a burning altar of Makhleb.
  3688 | D:5      | Found a deep blue altar of Sif Muna.
  3722 | D:5      | Reached XP level 8. HP: 51/51 MP: 11/11
  4549 | D:6      | Reached skill level 1 in Shields
  4585 | D:6      | Reached skill level 1 in Charms
  4620 | D:6      | Reached skill level 1 in Spellcasting
  4646 | D:6      | Reached skill level 1 in Necromancy
  4647 | D:6      | Reached XP level 9. HP: 28/57 MP: 12/12
  4651 | D:6      | Found a staircase to the Ecumenical Temple.
  4844 | D:6      | Reached *** piety under Fedhas
  4919 | D:6      | Reached skill level 5 in Invocations
  5248 | D:7      | Reached skill level 5 in Evocations
  5256 | D:7      | Reached skill level 11 in Stealth
  5286 | D:7      | Found Odwatoh's Book Boutique.
  5769 | D:8      | Noticed Gastronok
  5796 | D:8      | Killed Gastronok
  5796 | D:8      | Reached XP level 10. HP: 26/65 MP: 14/14
  5844 | D:8      | Reached **** piety under Fedhas
  6205 | D:8      | Found a staircase to the Lair.
  6529 | D:9      | Noticed a two-headed ogre
  6564 | D:9      | Killed a two-headed ogre
  6564 | D:9      | Reached skill level 5 in Fighting
  6564 | D:9      | Reached skill level 5 in Dodging
  6564 | D:9      | Reached skill level 5 in Shields
  6678 | D:9      | Reached skill level 12 in Stealth
  6782 | D:9      | Gained mutation: Your flesh is cold resistant. (rC+) [potion of mutation]
  6782 | D:9      | Gained mutation: Your muscles are strong. (Str +2) [potion of mutation]
  6782 | D:9      | Gained mutation: You have supernaturally acute eyesight. (SInv) [potion of mutation]
  7301 | D:10     | Entered Level 10 of the Dungeon
  7301 | D:10     | Noticed a catoblepas
  7309 | D:10     | Killed a catoblepas
  7309 | D:10     | Reached XP level 11. HP: 37/72 MP: 16/16
  7312 | D:10     | Noticed a two-headed ogre
  7323 | D:10     | Killed a two-headed ogre
  7686 | D:10     | Found a glowing golden altar of the Shining One.
  7713 | D:10     | Found Cacymp's General Store.
  7748 | D:10     | Lost mutation: Your flesh is cold resistant. (rC+) [potion of mutation]
  7748 | D:10     | Lost mutation: Your muscles are strong. (Str +2) [potion of mutation]
  7748 | D:10     | Lost mutation: You have supernaturally acute eyesight. (SInv) [potion of mutation]
  7748 | D:10     | Gained mutation: Scrolls take you a little longer to read. [potion of mutation]
  7748 | D:10     | Gained mutation: You evolve. [potion of mutation]
  7748 | D:10     | Gained mutation: You passively map a small area around you. [potion of mutation]
  8106 | D:10     | Noticed a tengu warrior
  8116 | D:10     | Killed a tengu warrior
  8159 | D:11     | Found a flickering gateway to a bazaar.
  8277 | Bazaar   | Entered a bazaar
  8283 | Bazaar   | Found Idycasm's Assorted Antiques.
  8283 | Bazaar   | Found Said Agoef's General Store.
  8318 | Bazaar   | Found Neiriseu's Antique Weapon Emporium.
  8318 | Bazaar   | Found Diam Omo's Book Emporium.
  8386 | Bazaar   | Gained mutation: Your body sometimes deteriorates upon taking damage. [evolution]
  8386 | Bazaar   | Lost mutation: You evolve. [end of evolution]
  8396 | Bazaar   | Lost mutation: Your body sometimes deteriorates upon taking damage. [potion of mutation]
  8396 | Bazaar   | Lost mutation: Scrolls take you a little longer to read. [potion of mutation]
  8396 | Bazaar   | Lost mutation: You passively map a small area around you. [potion of mutation]
  8396 | Bazaar   | Gained mutation: You are dopey. (Int -2) [potion of mutation]
  8396 | Bazaar   | Gained mutation: You possess an exceptional clarity of mind. [potion of mutation]
  8397 | Bazaar   | Lost mutation: You possess an exceptional clarity of mind. [potion of mutation]
  8397 | Bazaar   | Lost mutation: You are dopey. (Int -2) [potion of mutation]
  8397 | Bazaar   | Gained mutation: You can translocate small distances at will. [potion of mutation]
  8397 | Bazaar   | Gained mutation: One of your tentacles bears a spike. [potion of mutation]
  8398 | Bazaar   | Lost mutation: One of your tentacles bears a spike. [potion of mutation]
  8398 | Bazaar   | Lost mutation: You can translocate small distances at will. [potion of mutation]
  8398 | Bazaar   | Gained mutation: Your spells are a little harder to cast, but a little more powerful. [potion of mutation]
  8398 | Bazaar   | Gained mutation: You passively map a small area around you. [potion of mutation]
  8398 | Bazaar   | Gained mutation: You are occasionally teleported next to monsters. [potion of mutation]
  8398 | Bazaar   | Gained mutation: You have an increased reservoir of magic. (+10% MP) [potion of mutation]
  8411 | Bazaar   | Bought a book of Minor Magic for 320 gold pieces
  8427 | D:11     | Learned a level 3 spell: Mephitic Cloud
  8430 | D:11     | Learned a level 2 spell: Blink
  8434 | D:11     | Learned a level 3 spell: Conjure Flame
  8505 | D:11     | Noticed M4edhros's ghost (novice FoAE)
  8518 | D:11     | Found Icoga's Magic Scroll Boutique.
  8522 | D:11     | Noticed a red ugly thing
  8533 | D:11     | Killed a red ugly thing
  8533 | D:11     | Reached skill level 1 in Poison Magic
  8595 | D:11     | Gained mutation: You are sometimes teleported next to monsters. [mutagenic meat]
  8596 | D:11     | Gained mutation: Your flesh is cold resistant. (rC+) [mutagenic meat]
  8597 | D:11     | Gained mutation: One of your tentacles bears a spike. [mutagenic meat]
  8683 | D:11     | Bought a scroll of enchant weapon for 105 gold pieces
  8733 | D:11     | Found a roughly hewn altar of Beogh.
  8734 | D:11     | Noticed a white ugly thing
  8746 | D:11     | Found a staircase to the Orcish Mines.
  8758 | D:11     | Killed a white ugly thing
  8758 | D:11     | Reached skill level 1 in Conjurations
  8762 | D:11     | Lost mutation: Your spells are a little harder to cast, but a little more powerful. [mutagenic meat]
  8763 | D:11     | Lost mutation: Your flesh is cold resistant. (rC+) [mutagenic meat]
  8764 | D:11     | Gained mutation: You are partially covered in yellow scales. (AC +2) [mutagenic meat]
  8786 | D:11     | Noticed a manticore
  8787 | D:11     | Killed a manticore
  8857 | D:11     | Found Rathreole's Assorted Antiques.
  8950 | D:11     | Noticed an unseen horror
  8960 | D:11     | Killed an unseen horror
  8960 | D:11     | Reached skill level 1 in Air Magic
  9097 | D:11     | Killed M4edhros's ghost
  9097 | D:11     | Reached XP level 12. HP: 59/79 MP: 18/20
  9129 | D:11     | Found Heseuq's Weapon Shoppe.
  9148 | D:11     | Bought a black potion for 20 gold pieces
  9201 | D:11     | Gained mutation: You passively map the area around you. [mutagenic meat]
  9203 | D:11     | Gained mutation: You tend to lose your temper in combat. [mutagenic meat]
  9204 | D:11     | Gained mutation: Your body sometimes deteriorates upon taking damage. [mutagenic meat]
  9536 | D:11     | Found Xoluofuo's Book Boutique.
  9679 | D:11     | Reached skill level 13 in Stealth
  9746 | D:12     | Mangled by a cyan ugly thing

Vault maps used:
D:1:      dpeg_arrival_tiny_d
D:2:      nicolae_overflow_crystal_walls, minivault_27
D:3:      lemuel_round_altar
D:4:      first_bread, fedhas_altar_fruit_tree, uniq_eustachio, uniq_robin
D:5:      grunt_temple_overflow_open
D:6:      minmay_temple_entry_poolview, grunt_ministairs_9
D:7:      serial_shops, kennysheep_mini_moat
D:8:      dpeg_oklobed_lair, serial_corexii_hall, corexii_hall_statues_t,
          corexii_hall_statues_l, corexii_hall_statues_x,
          corexii_hall_statues_deadend, corexii_hall_statues_l,
          corexii_hall_statues_x, uniq_gastronok
D:9:      st_stairs_4
D:10:     serial_shops, shop_fountains, grunt_tengu_nest, tso_metal_star
D:11:     minmay_orc_entry_temple_small, serial_shops, bzr_entry_gold,
          shop_fountains, nicolae_shop_trees, shop, shop
D:12:     spider_trap, uniq_kirke, uniq_psyche
Bazaar:   grunt_bazaar_doublecross

Skill      XL: |  1  2  3  4  5  6  7  8  9 10 11 12 |
---------------+-------------------------------------+-----
Stealth        | 2 4 5 8 10 11 12 13 | 13.0
Invocations    | 2 4 6 7 8 9 |  9.2
Fighting       | 2 3 4 5 6 |  6.3
Evocations     | 4 5 6 7 |  7.6
Dodging        | 3 4 5 6 |  6.2
Shields        | 1 4 5 6 |  6.5
Charms         | 1 2 3 4 |  4.0
Spellcasting   | 1 2 3 4 |  4.1
Necromancy     | 1 2 3 |  3.2
Poison Magic   | 2 |  2.7
Conjurations   | 1 2 |  2.2
Air Magic      | 1 2 |  2.0
Short Blades   | |  1.0

Action                   |  1- 3 |  4- 6 |  7- 9 | 10-12 || total
-------------------------+-------+-------+-------+-------++-------
Melee: Short sword       |    35 |    17 |       |       ||    52
       Constrict         |     6 |    11 |    58 |    49 ||   124
       Tentacles         |     4 |     5 |    60 |    92 ||   161
       Dagger            |       |    34 |   244 |   348 ||   626
       Kick              |       |       |       |    37 ||    37
 Fire: Hunting sling     |       |       |       |     1 ||     1
 Cast: Regeneration      |       |       |       |     1 ||     1
Invok: Fungal Bloom      |       |     1 |    28 |    36 ||    65
       Evolution         |       |       |     1 |     6 ||     7
       Sunlight          |       |       |     1 |     2 ||     3
       Reproduction      |       |       |       |     1 ||     1
Evoke: Wand              |     5 |     5 |    14 |    41 ||    65
  Use: Potion            |       |     3 |     1 |     8 ||    12
       Scroll            |       |       |     9 |    11 ||    20
 Stab: Sleeping          |     6 |    15 |    29 |    24 ||    74
       Distracted        |       |     1 |     1 |     1 ||     3
       Confused          |       |       |       |     4 ||     4
  Eat: Royal jelly       |       |     1 |     2 |     3 ||     6
       Chunk             |       |     1 |       |    12 ||    13
       Bread ration      |       |       |     1 |       ||     1
       Meat ration       |       |       |     1 |     1 ||     2
Armor: Skin              |     2 |     6 |    25 |    33 ||    66
Dodge: Dodged            |    28 |    30 |   121 |   233 ||   412
Block: Buckler           |       |       |    24 |    93 ||   117
